 Dungeon Crawl Stone Soup version 0.24.0-28-g17ded55e90 (webtiles) character file.

Game seed: 4868634413657405221, levelgen mode: deterministic

1097 Nattfarinn the Digger (level 8, -6/100 HPs)
             Began as an Ogre Earth Elementalist on Nov 12, 2019.
             Splashed by a jelly's acid (7 damage)
             ... on level 5 of the Dungeon.
             The game lasted 00:10:42 (4641 turns).

Nattfarinn the Digger (Ogre Earth Elementalist)     Turns: 4641, Time: 00:10:44

Health: -6/100     AC: 20    Str: 13    XL:     8   Next: 31%
Magic:  3/16       EV:  1    Int: 20    God:
Gold:   338        SH:  0    Dex: 14    Spells: 14/18 levels left

rFire    . . .     SeeInvis .   j - +0 dagger
rCold    . . .     Gourm    .   (no shield)
rNeg     + + +     Faith    .   (armour currently unavailable)
rPois    +         Spirit   .   (helmet currently unavailable)
rElec    .         Reflect  .   (cloak currently unavailable)
rCorr    .         Harm     .   (gloves unavailable)
MR       .....     NoTele   +   (boots unavailable)
Stlth    +++.......             (no amulet)
HPRegen  0.26/turn              (no ring)
MPRegen  0.15/turn              (no ring)

@: agile, tree-form (expiring), corroded, hasted, very quick
A: large, unfitting armour, clever 1, deterioration 1, MP-powered wands
a: no special abilities


You were on level 5 of the Dungeon.
You were not hungry.
You were a tree.
You visited 1 branch of the dungeon, and saw 5 of its levels.

You collected 338 gold pieces.

Inventory:

Hand Weapons
 j - a +0 dagger (weapon)
 l - a cursed -1 hunting sling
Missiles
 b - 27 stones (quivered)
Armour
 c - a +2 robe (melded)
Jewellery
 w - a +4 ring of evasion {unknown}
Wands
 o - a wand of flame (12)
 q - a wand of iceblast (9)
Scrolls
 e - a scroll of noise {unknown}
 f - a scroll of enchant armour
 i - 2 scrolls of identify {unknown}
 p - a scroll of teleportation {unknown}
 r - 2 scrolls of magic mapping {unknown}
 s - a scroll of remove curse
Potions
 a - a potion of heal wounds {unknown}
 h - 3 potions of agility
 k - a potion of ambrosia {unknown}
 m - a potion of lignification
 t - a potion of haste
 u - a potion of invisibility {unknown}
 x - a potion of magic {unknown}
Comestibles
 d - 13 rations
 v - 3 chunks of flesh


   Skills:
 - Level 1.7 Dodging
 - Level 1.4 Stealth
 + Level 5.6 Spellcasting
 * Level 4.3 Conjurations
   Level 0.8 Transmutations
 * Level 6.6 Earth Magic


You had 14 spell levels left.
You knew the following spells:

 Your Spells              Type           Power        Failure   Level  Hunger
a - Sandblast             Erth           ####..       1%          1    None
b - Stone Arrow           Conj/Erth      ####..       3%          3    ##.....

Your spell library contained the following spells:

 Spells                   Type           Power        Failure   Level  Hunger
 Passwall                 Tmut/Erth      ###.....     3%          2    None
 Lee's Rapid Deconstruct  Erth           ####......   21%         5    #####..
 Petrify                  Tmut/Erth      ###.....     24%         4    ####...


Dungeon Overview and Level Annotations

Branches:
Dungeon (5/15)
 Temple: D:4-7

Altars:
Ashenzari
Dithmenos
Gozag
Kikubaaqudgha
Ru
Yredelemnul
The Shining One

Annotations:
D:5 Duvessa


Innate Abilities, Weirdness & Mutations

You are too large for most types of armour.
((You have tough skin. (AC +1)))
((You are partially covered in thin metallic scales. (AC +2)))
Your mind is acute. (Int +2)
Your body sometimes deteriorates upon taking damage.
You expend magic power (3 MP) to strengthen your wands.


Message History

Duvessa hits you but does no damage. The jelly hits you but does no damage.
You feel better. Duvessa hits you but does no damage.
Okay, then.
You hit Duvessa but do no damage.
Duvessa is almost dead.
Duvessa hits you with a +0 rapier!
* * * LOW HITPOINT WARNING * * *
The jelly hits you but does no damage.
You barely miss Duvessa.
Duvessa is severely wounded.
Duvessa hits you with a +0 rapier!
* * * LOW HITPOINT WARNING * * *
It was a potion of mutation.
You feel extremely strange.
You feel yourself wasting away.
You feel clever.
You feel your magical essence link to the dungeon's wands.
Thin metallic scales grow over part of your body.
Duvessa is no longer berserk.
The jelly hits you.
* * * LOW HITPOINT WARNING * * *
The acid corrodes you!
You are splashed with acid!
You die...

..................#
###############.### ###
###.# #### #..
..#.##############...
#.########
#.#.#...........##.##
#.#......#
#.#.#.#########.##.##
#.#.####.# #.#.#.#....#
#...... #.#.# #.#
#.#.#.#..#.#######.##
#.#.#
#.####.#.♣..........###...
..#.#
#.......Je........#.##...#
..#.#
########)................#
....# ##'#.#.......#.....
....# #.#.#.#.#####..#..
....# #.#)..............
#.### ;#.#..<.........#..
..# ≈##≈#.#.#...........
#.# ## ≈##.#.##..........


You could see Duvessa and a jelly.

Vanquished Creatures
  A sky beast (D:5)
  A phantom (D:5)
  An ogre (D:5)
  Blork the orc (D:5)
  Dowan (D:5)
  A scorpion (D:4)
  2 crimson imps (D:5)
  5 orc priests
  2 orc wizards (D:4)
  3 iguanas
  2 worker ants (D:4)
  A hound skeleton (D:5)
  A worker ant zombie (D:5)
  A howler monkey zombie (D:5)
  3 gnolls (D:3)
  A howler monkey skeleton (D:4)
  8 adders
  A shadow imp (D:5)
  3 oozes
  An adder skeleton (D:5)
  6 worms
  3 dart slugs
  2 leopard geckos
  8 orcs
  9 bats
  5 giant cockroaches
  9 goblins
  9 hobgoblins
  6 jackals
  A quokka (D:3)
  4 ball pythons
  5 frilled lizards
  5 kobolds
  8 rats
  A spectral orc (D:3)
121 creatures vanquished.

Notes
Turn   | Place    | Note
-------+----------+-------------------------------------------
     0 | D:1      | Nattfarinn the Ogre Earth Elementalist began the quest for
                  | the Orb.
     0 | D:1      | Reached XP level 1. HP: 16/16 MP: 3/3
   110 | D:1      | Reached skill level 3 in Earth Magic
   110 | D:1      | Reached XP level 2. HP: 24/24 MP: 1/5
   427 | D:1      | Reached XP level 3. HP: 31/31 MP: 3/7
   818 | D:2      | Found a shadowy altar of Dithmenos.
   858 | D:2      | Found an ancient bone altar of Kikubaaqudgha.
   917 | D:2      | Found a sacrificial altar of Ru.
  1208 | D:2      | Reached XP level 4. HP: 39/39 MP: 7/9
  1211 | D:2      | Reached skill level 4 in Earth Magic
  1615 | D:3      | Found an opulent altar of Gozag.
  1692 | D:3      | Reached XP level 5. HP: 45/45 MP: 6/10
  1697 | D:3      | Learned a level 3 spell: Stone Arrow
  2070 | D:3      | Reached skill level 5 in Earth Magic
  2070 | D:3      | Reached XP level 6. HP: 48/53 MP: 5/12
  2074 | D:3      | Reached skill level 1 in Conjurations
  2204 | D:3      | Found a basalt altar of Yredelemnul.
  2472 | D:3      | Found a glowing golden altar of the Shining One.
  2650 | D:4      | You fall into a shaft and drop 1 floor!
  2650 | D:5      | Entered Level 5 of the Dungeon
  2655 | D:5      | Noticed a sky beast
  2685 | D:5      | Killed a sky beast
  2685 | D:5      | Reached XP level 7. HP: 12/59 MP: 4/14
  3276 | D:4      | Reached skill level 5 in Spellcasting
  3340 | D:4      | Found a shattered altar of Ashenzari.
  3470 | D:4      | Reached skill level 6 in Earth Magic
  3959 | D:5      | Reached XP level 8. HP: 67/67 MP: 11/16
  4101 | D:5      | Noticed Blork the orc
  4105 | D:5      | Killed Blork the orc
  4613 | D:5      | Noticed Duvessa
  4613 | D:5      | Noticed Dowan
  4616 | D:5      | Killed Dowan
  4640 | D:5      | HP: 2/100 [Duvessa/+0 rapier (8)]
  4641 | D:5      | Gained mutation: Your body sometimes deteriorates upon
                  | taking damage. [potion of mutation]
  4641 | D:5      | Gained mutation: Your mind is acute. (Int +2) [potion of
                  | mutation]
  4641 | D:5      | Gained mutation: You expend magic power (3 MP) to
                  | strengthen your wands. [potion of mutation]
  4641 | D:5      | Gained mutation: You are partially covered in thin metallic
                  | scales. (AC +2) [potion of mutation]
  4641 | D:5      | Splashed by a jelly's acid

Levels and vault maps discovered:
D:1:      sevenhm_arrival_forest_fort_large_2, layout_basic
D:2:      minmay_door_path, layout_rooms, lemuel_crystal_altar,
          lemuel_round_altar, grunt_dithmenos_smoke
D:3:      minmay_general_purpose_star, layout_basic,
          yredelemnul_forgotten_temple_becter, tso_altar, lemuel_round_altar,
          serial_rivers, chequers_serial_rivers_small_a,
          chequers_serial_rivers_small_3, chequers_serial_rivers_micro_c,
          chequers_serial_rivers_large_a
D:4:      layout_basic, ashenzari_altar_1, first_ration, item_on_display_a
D:5:      cheibrodos_two_vegetables, layout_basic, uniq_grinder, uniq_duvessa,
          uniq_blork_the_orc

Skill      XL: |  1  2  3  4  5  6  7  8 |
---------------+-------------------------+-----
Earth Magic    | 3 4 5 6 |  6.6
Spellcasting   | 3 4 5 |  5.6
Conjurations   | 2 3 4 |  4.3
Dodging        | |  1.7
Stealth        | |  1.4
Transmutations | |  0.8

Action                   |  1- 3 |  4- 6 |  7- 9 || total
-------------------------+-------+-------+-------++-------
Melee: Unarmed           |    39 |       |       ||    39
       Dagger            |    62 |    58 |   109 ||   229
 Cast: Sandblast         |    45 |    79 |    61 ||   185
       Stone Arrow       |       |       |     8 ||     8
  Use: Scroll            |     3 |     1 |     2 ||     6
       Potion            |       |     1 |     7 ||     8
  Eat: Chunk             |     1 |     5 |     6 ||    12
Armor: Robe              |    35 |    45 |    52 ||   132
       Skin              |       |       |    19 ||    19
Dodge: Dodged            |    54 |    59 |    57 ||   170
